 Dungeon Crawl Stone Soup version 0.29-a0-334-gb41bcbb86e (webtiles) character file.

Game seed: 8410800969501996144

168 jlumianski the Skirmisher (level 5, -2/42 HPs)
             Began as a Demonspawn Fighter on Apr 14, 2022.
             Slain by a gnoll
             ... wielding a +0 spear
              (5 damage)
             ... on level 3 of the Dungeon.
             The game lasted 00:06:19 (2134 turns).

jlumianski the Skirmisher (Demonspawn Fighter)      Turns: 2134, Time: 00:06:19

Health: -2/42      AC: 10    Str: 19    XL:     5   Next: 23%
Magic:  5/5        EV:  7    Int: 12    God:
Gold:   83         SH:  4    Dex: 12    Spells: 4/4 levels left

rFire   . . .      SeeInvis .   s - +12 rapier "Cotew" {freeze, Will+ Int+3}
rCold   . . .      Faith    .   c - +0 buckler
rNeg    . . .      Spirit   .   q - +0 chain mail
rPois   .          Reflect  .   v - +0 helmet
rElec   .          Harm     .   (no cloak)
rCorr   .          Rampage  .   (gloves unavailable)
Will    +....                   (no boots)
Stlth   ..........              n - amulet of regeneration
HPRegen 0.94/turn               (no ring)
MPRegen 0.09/turn               (no ring)

@: no status effects
A: demonic touch 3
a: no special abilities


You were on level 3 of the Dungeon.
You visited 1 branch of the dungeon, and saw 3 of its levels.

You collected 83 gold pieces.

Inventory:

Hand Weapons
 a - a +0 war axe
 i - a +0 dagger of draining
 o - a +2 dagger of speed
 s - the +12 rapier "Cotew" (weapon) {freeze, Will+ Int+3}
   (You took it off a goblin on level 2 of the Dungeon)

   It freezes those it strikes, dealing additional cold damage.
   It can also slow down cold-blooded creatures.
   Int:       It affects your intelligence (+3).
   Will:      It increases your willpower.
Missiles
 e - 2 javelins (quivered)
 f - 5 poisoned darts
 h - 99 stones
 p - 2 silver boomerangs
Armour
 b - a +0 scale mail
 c - a +0 buckler (worn)
 q - a +0 chain mail (worn)
 v - a +0 helmet (worn)
Jewellery
 m - an amulet of faith
 n - an amulet of regeneration (around neck)
 u - a ring of willpower
Scrolls
 l - 3 scrolls of identify {unknown}
 t - a scroll of amnesia {unknown}
Potions
 d - 3 potions of might
 g - a potion of haste {unknown}
 j - 2 potions of curing {unknown}
 k - a potion of invisibility
 r - a potion of cancellation {unknown}


   Skills:
 + Level 3.8 Fighting
 * Level 0.4 Short Blades
 - Level 2.8 Axes
 + Level 3.7 Armour
 + Level 1.0 Dodging
 + Level 0.3 Stealth
 + Level 3.0 Shields


You had 4 spell levels left.
You didn't know any spells.
Your spell library contained the following spells:

 Spells                   Type           Power      Damage    Failure   Level
 Shock                    Conj/Air       0%         1d3       99%         1
 Dazzling Flash           Conj/Hex       0%         N/A       100%        3
 Swiftness                Air            0%         N/A       100%        3
 Airstrike                Air            0%         N/A       100%        4
 Agony                    Necr           0%         N/A       100%        5
 Silence                  Hex/Air        0%         N/A       100%        5


Dungeon Overview and Level Annotations

Branches:
Dungeon (3/15)

Altars:

Annotations:
D:3 Sigmund


Innate Abilities, Weirdness & Mutations

Your touch may irresistibly damage your foes and sap their willpower.


Message History

You see here a +0 club.
You puncture the gnoll! You freeze the gnoll.
The gnoll is almost dead.
The gnoll drinks a potion.
The gnoll flickers and vanishes!
The gnoll closely misses you. You block the gnoll's attack.
You puncture the gnoll! You freeze the gnoll.
You kill the gnoll!
The gnoll barely misses you. Something hits you.
Something hits you but does no damage. The gnoll hits you with a +0 flail!
The rat twitches its whiskers.
You puncture the gnoll! You freeze the gnoll.
The gnoll is almost dead.
The gnoll hits you but does no damage. You block something's attack.
You closely miss the gnoll.
The gnoll is almost dead.
The gnoll closely misses you. Something hits you but does no damage.
The rat bites you but does no damage.
You puncture the gnoll! You freeze the gnoll.
You kill the gnoll!
Something hits you. You block the rat's attack.
Your Shields skill increases to level 3!
You closely miss the rat. Something hits you but does no damage.
The rat barely misses you. The rat bites you but does no damage.
Something hits you. x2
You barely miss the rat. Something hits you but does no damage.
The rat bites you but does no damage.
You hit the rat. You freeze the rat.
You kill the rat!
Something hits you but does no damage. Something hits you.
Found a robe.
Something hits you but does no damage. Something hits you!
Things that are here:
a +0 flail; a rat corpse; a gnoll corpse You puncture something!
You freeze something. Something hits you.
Something hits you but does no damage.
You hit something. You freeze something. Something hits you!
* * * LOW HITPOINT WARNING * * *
Something hits you!
* * * LOW HITPOINT WARNING * * *
Something hits you.
You die...

## .# .# .# .## ..#
################ #.#
#..............# [ #.#
#............).##....
#+###.......(.?.@){......
...##....###.#####{......
...##...[# #.# .......
...##†...###.# .....##
#+###........## .......
#.###'#+###..# ......#
..#........##. ^.....#
###........# . ##....#
.##.........+


There were no monsters in sight!

Vanquished Creatures
  A jelly (D:2)
  An orc wizard (D:2)
  4 gnolls
  An adder (D:2)
  A dart slug (D:1)
  4 orcs (D:2)
  2 endoplasms
  2 giant cockroaches (D:2)
  4 hobgoblins
  2 jackals (D:1)
  3 quokkas
  5 ball pythons
  5 bats
  5 frilled lizards
  10 goblins
  4 kobolds
  5 rats
59 creatures vanquished.

Notes
Turn   | Place    | Note
-------+----------+-------------------------------------------
     0 | D:1      | jlumianski the Demonspawn Fighter began the quest for the
                  | Orb.
     0 | D:1      | Reached XP level 1. HP: 18/18 MP: 1/1
   267 | D:1      | Gained mutation: Your touch may inflict minor irresistible
                  | damage on your foes. [demonic ancestry]
   267 | D:1      | Reached XP level 2. HP: 22/24 MP: 2/2
   511 | D:1      | Gained mutation: Your touch may inflict irresistible damage
                  | on your foes. [demonic ancestry]
   511 | D:1      | Reached XP level 3. HP: 21/29 MP: 3/3
  1388 | D:2      | Gained mutation: Your touch may irresistibly damage your
                  | foes and sap their willpower. [demonic ancestry]
  1388 | D:2      | Reached XP level 4. HP: 33/35 MP: 4/4
  1524 | D:2      | Reached skill level 1 in Dodging
  1716 | D:2      | Identified the +12 rapier "Cotew" {freeze, Will+ Int+3}
  1805 | D:2      | Found a faded altar of an unknown god.
  2098 | D:3      | Reached XP level 5. HP: 42/42 MP: 5/5
  2122 | D:3      | Noticed Sigmund
  2134 | D:3      | HP: 2/42 [something (8)]
  2134 | D:3      | Slain by a gnoll

Illustrated notes

Levels and vault maps discovered:
D:1:      minmay_arrival_floating_metal, layout_loops_ring, minmay_heptomino_l4
D:2:      layout_basic, hellmonk_ecumenical_altar_leap_of_faith, minmay_bisected
D:3:      kb_forest_paths, layout_basic, serial_aquarium, aquarium_bridge_square
          [aquarium_subvault_window, aquarium_subvault_wall,
          aquarium_subvault_bridge, aquarium_subvault_wall], aquarium_window_2,
          aquarium_window_corner, aquarium_view_2c, aquarium_pool_five,
          serial_shops, nicolae_shop_behind_doors, uniq_sigmund

Skill      XL: |  1  2  3  4  5 |
---------------+----------------+-----
Armour         | 3 |  3.7
Axes           | 2 |  2.8
Dodging        | 1 |  1.0
Shields        | 3 |  3.0
Fighting       | |  3.8
Short Blades   | |  0.4
Stealth        | |  0.3

Action                   |  1- 3 |  4- 6 || total
-------------------------+-------+-------++-------
Melee: War axe           |   100 |    54 ||   154
       Rapier            |       |    19 ||    19
  Use: Scroll            |     1 |       ||     1
Armor: Scale mail        |    53 |     9 ||    62
       Chain mail        |       |    26 ||    26
Dodge: Dodged            |    56 |    38 ||    94
Block: Buckler           |    31 |    15 ||    46

Table legend: (Time is in decaauts)
 A = Elapsed time spent in this place.
 B = Non-inter-level travel time spent in this place.
 C = Inter-level travel time spent in this place.
 D = Time resting spent in this place.
 E = Time spent auto-exploring this place.
 F = Levels seen in this place.
 G = Mean time per level.
                   A        B        C        D        E       F      G
               +--------+--------+--------+--------+--------+-----+--------+
         Total |   2221 |   2173 |     48 |      0 |   1458 |   3 |  740.3 |
       Dungeon |   2221 |   2173 |     48 |      0 |   1458 |   3 |  740.3 |
               +--------+--------+--------+--------+--------+-----+--------+

Top non-repeatable levels by time:
     D:1: 1136 daAuts
     D:2: 993 daAuts
     D:3: 90 daAuts
